 Dungeon Crawl Stone Soup version 0.30-a0-219-gf2db51d15e (webtiles) character file.

Game seed: 9625081495325476681

5401 Bnni the Skirmisher (level 10, -7/85 HPs)
             Began as a Formicid Hunter on Oct 6, 2022.
             Was an Initiate of Ru.
             Mangled by a warg (12 damage)
             ... on level 9 of the Dungeon on Oct 7, 2022.
             The game lasted 00:17:16 (6723 turns).

Bnni the Skirmisher (Formicid Hunter)               Turns: 6723, Time: 00:17:17

Health: -7/85      AC: 14    Str: 15    XL:     10   Next: 98%
Magic:  0/10       EV: 12    Int: 10    God:    Ru [......]
Gold:   350        SH:  0    Dex: 21    Spells: 9/9 levels left

rFire   + . .      SeeInvis +    a - +0 shortbow
rCold   . . .      Faith    .    (no shield)
rNeg    + . .      Spirit   +    y - +2 leather armour {rF+}
rPois   .          Reflect  .    (helmet unavailable)
rElec   .          Harm     .    m - +0 cloak
rCorr   .          Rampage  .    g - +0 pair of gloves
Will    .....                    p - +2 pair of boots
Stlth   ..........               i - amulet of guardian spirit
HPRegen 0.34/turn                e - +4 ring of protection
MPRegen 0.12/turn                t - ring of positive energy

@: weak-willed
A: permanent stasis, dig shafts and tunnels, antennae 3, no stealth, four strong
arms
a: Dig, Shaft Self, Renounce Religion


You were on level 9 of the Dungeon.
You worshipped Ru.
Ru was noncommittal.
You visited 2 branches of the dungeon, and saw 10 of its levels.

You collected 350 gold pieces.

Inventory:

Hand Weapons
 a - a +0 shortbow (weapon)
 s - a +3 great sword of freezing
 F - a +0 dagger of venom
Missiles
 j - 5 curare-tipped darts
 w - 5 poisoned darts
Armour
 g - a +0 pair of gloves (worn)
 k - a +1 chain mail of fire resistance
 m - a +0 cloak (worn)
 p - a +2 pair of boots (worn)
 y - a +2 leather armour of fire resistance (worn)
Jewellery
 e - a +4 ring of protection (left hand)
 i - an amulet of guardian spirit (around neck)
 t - a ring of positive energy (right hand)
 E - a ring of wizardry
Wands
 n - a wand of iceblast (10)
 z - a wand of acid (4)
 B - a wand of flame (9)
 C - a wand of digging (4)
Scrolls
 b - 2 scrolls of immolation
 c - 3 scrolls of enchant armour
 d - a scroll of poison {unknown}
 f - a scroll of torment {unknown}
 h - a scroll of enchant weapon {unknown}
 l - a scroll of amnesia {unknown}
 o - 2 scrolls of summoning {unknown}
 q - a scroll of noise {unknown}
 u - a scroll of magic mapping {unknown}
 v - a scroll of fear {unknown}
 D - a scroll of vulnerability
Potions
 r - 2 potions of brilliance
 x - a potion of ambrosia
 A - 2 potions of curing


   Skills:
 + Level 9.9 Fighting
 * Level 12.9 Ranged Weapons
 + Level 3.5 Armour
 - Level 1.7 Dodging


You had 9 spell levels left.
You didn't know any spells.
Your spell library contained the following spells:

 Spells                   Type           Power      Damage    Failure   Level
 Apportation              Tloc           0%         N/A       43%         1
 Foxfire                  Conj/Fire      0%         2x1d4     43%         1
 Freeze                   Ice            0%         1d3       43%         1
 Necrotise                Necr           0%         1d4       43%         1
 Summon Small Mammal      Summ           0%         N/A       43%         1
 Frozen Ramparts          Ice            0%         1d1       80%         3
 Hailstorm                Conj/Ice       0%         3d3       80%         3
 Portal Projectile        Hex/Tloc       0%         N/A       80%         3
 Tukima's Dance           Hex            0%         N/A       80%         3
 Cause Fear               Hex            0%         N/A       99%         4
 Blade Hands              Tmut           0%         N/A       100%        5
 Fireball                 Conj/Fire      0%         3d3       100%        5
 Starburst                Conj/Fire      0%         6d3       100%        6
 Dragon Form              Tmut           0%         N/A       100%        7
 Dragon's Call            Summ           0%         N/A       100%        9


Dungeon Overview and Level Annotations

Branches:
Dungeon (9/15)             Temple (1/1) D:5
   Lair: D:8-11         Orc: D:9-12

Altars:
Cheibriados
Dithmenos
Elyvilon
Fedhas
Gozag
Hepliaklqana
Kikubaaqudgha
Makhleb
Nemelex Xobeh
Okawaru
Qazlal
Ru
Sif Muna
Trog
Uskayaw
Vehumet
Wu Jian
Xom
Yredelemnul
Zin
The Shining One

Shops:
D:2 [


Innate Abilities, Weirdness & Mutations

You cannot be hasted, slowed, berserked, paralysed or teleported.
You can dig through walls and to a lower floor.
You have a pair of large antennae on your head. (SInv)
You cannot be stealthy.
Your four strong arms can wield two-handed weapons with a shield.


Message History

Aim: an orc priest, wielding a +0 dagger (71% to hit)
You shoot an arrow. The arrow closely misses the warg.
The arrow hits the orc priest but does no damage.
The warg bites you but does no damage. The warg closely misses you.
Fire: a) +0 shortbow
Press: ? - help, Q - select action, (/) - cycle Shift-Dir - straight line, f/p - orc priest
Aim: an orc priest, wielding a +0 dagger (71% to hit)
You shoot an arrow.
The arrow hits the warg but does no damage.
The warg is moderately wounded.
The warg bites you but does no damage. The orc hits you but does no damage.
The warg bites you.
Fire: a) +0 shortbow
Press: ? - help, Q - select action, (/) - cycle Shift-Dir - straight line, f/p - orc priest
Aim: an orc priest, wielding a +0 dagger (71% to hit)
You shoot an arrow.
The arrow hits the warg but does no damage.
The warg is moderately wounded.
The warg bites you but does no damage. The warg closely misses you.
The orc hits you but does no damage. The warg bites you.
Fire: a) +0 shortbow
Press: ? - help, Q - select action, (/) - cycle Shift-Dir - straight line, f/p - orc priest
Aim: an orc priest, wielding a +0 dagger (71% to hit)
You shoot an arrow.
The arrow hits the warg but does no damage.
The warg is moderately wounded.
The warg barely misses you.
The orc priest mumbles some strange prayers to Beogh against you.
Beogh smites you!
* * * LOW HITPOINT WARNING * * *
The warg bites you but does no damage. The warg closely misses you.
Okay, then.
Okay, then.
As you read the scroll labelled AFUTAY QERGH, it crumbles to dust.
Magic quickly surges around you.
It was a scroll of vulnerability.
The orc priest mumbles some strange prayers to Beogh against you.
Beogh smites you!
* * * LOW HITPOINT WARNING * * *
The orc completely misses you. The orc closely misses you. The warg bites you!
You die...

...........# .
..........# ..##
#.........# ....#
#.........
.P...##.......#
.....)#.......#
..............#
....)...)h....#####
.....##.oh@.......#
... ##..oo.......#
. #>...........#
######........
#........ #........
#........ #........
#........


You could see 2 wargs, an orc priest (weak-willed) and 2 orcs.

Vanquished Creatures
  2 two-headed ogres
  Pikel (D:6)
  A cyclops (D:9)
  2 steam dragons
  4 water moccasins
  An ice beast (D:7)
  5 sky beasts
  A black bear (D:6)
  2 orc warriors
  A centaur (D:8)
  A lemure (D:6)
  A phantom (D:5)
  A kobold brigand (D:8)
  3 bullfrogs
  3 necrophages
  5 scorpions
  4 wights (D:6)
  4 killer bees (D:8)
  4 hounds
  4 orc priests
  A jelly (D:6)
  3 iguanas
  7 orc wizards
  6 adders
  4 shadow imps
  2 white imps (D:7)
  3 ufetubi
  A worm (D:2)
  28 orcs
  3 ball pythons
  A bat zombie (D:3)
  2 endoplasms (D:3)
  2 hobgoblins
  3 jackals (D:2)
  9 kobolds
  A quokka (D:5)
  2 bats
  2 frilled lizards
  3 goblins
  3 rats
136 creatures vanquished.

Vanquished Creatures (others)
  A hound (D:5)
  An iguana (D:5)
  An ufetubus (D:5)
  5 demonic plants (D:7)
  4 plants
12 creatures vanquished.

Grand Total: 148 creatures vanquished

Notes
Turn   | Place    | Note
-------+----------+-------------------------------------------
     0 | D:1      | Bnni the Formicid Hunter began the quest for the Orb.
     0 | D:1      | Reached XP level 1. HP: 16/16 MP: 1/1
   139 | D:1      | Reached XP level 2. HP: 23/23 MP: 2/2
   143 | D:1      | You fall into a shaft and drop 1 floor!
   198 | D:2      | Found a faded altar of an unknown god.
   325 | D:2      | Found Ipnet's Armour Emporium.
   373 | D:2      | Found an opulent altar of Gozag.
   393 | D:2      | Reached XP level 3. HP: 28/28 MP: 3/3
   437 | D:2      | Reached XP level 4. HP: 16/35 MP: 4/4
  1042 | D:3      | Reached skill level 5 in Ranged Weapons
  1234 | D:3      | Identified the +10 hand axe "Gotuarei" {elec, rF+ Int+6
                  | Dex-4}
  1447 | D:3      | Found an ancient bone altar of Kikubaaqudgha.
  1685 | D:4      | Noticed a scorpion
  1687 | D:4      | Killed a scorpion
  1688 | D:4      | Reached XP level 5. HP: 42/42 MP: 5/5
  1784 | D:4      | HP: 2/42 [frozen (3)]
  1785 | D:4      | You fall into a shaft and drop 1 floor!
  1785 | D:5      | Entered Level 5 of the Dungeon
  1987 | D:5      | Reached skill level 6 in Ranged Weapons
  1987 | D:5      | Reached XP level 6. HP: 45/48 MP: 6/6
  2074 | D:5      | Noticed a steam dragon
  2092 | D:5      | Killed a steam dragon
  2093 | D:5      | Reached skill level 7 in Ranged Weapons
  2093 | D:5      | Reached XP level 7. HP: 20/55 MP: 7/7
  2343 | D:5      | Found a staircase to the Ecumenical Temple.
  2354 | Temple   | Entered the Ecumenical Temple
  2520 | Temple   | Became a worshipper of Ru the Awakened
  2724 | D:5      | Reached skill level 5 in Fighting
  2754 | D:5      | Found a hazy altar of Hepliaklqana.
  2995 | D:6      | Found a bloodstained altar of Trog.
  3280 | D:6      | Reached skill level 8 in Ranged Weapons
  3280 | D:6      | Reached XP level 8. HP: 48/64 MP: 8/8
  3539 | D:6      | Reached skill level 9 in Ranged Weapons
  3700 | D:6      | Reached XP level 9. HP: 71/71 MP: 9/9
  3707 | D:6      | Noticed Pikel
  3735 | D:6      | Killed Pikel
  3736 | D:6      | Reached skill level 10 in Ranged Weapons
  3804 | D:6      | Found a radiant altar of Vehumet.
  3836 | D:6      | Gained mutation: You cannot be stealthy. [Ru sacrifice]
  3996 | D:7      | Found a sparkling altar of Nemelex Xobeh.
  4115 | D:7      | Noticed a two-headed ogre
  4292 | D:7      | Found an iron altar of Okawaru.
  4344 | D:7      | Reached skill level 11 in Ranged Weapons
  4404 | D:7      | Killed a two-headed ogre
  4405 | D:7      | Reached XP level 10. HP: 39/82 MP: 10/10
  4775 | D:7      | Reached skill level 12 in Ranged Weapons
  5071 | D:7      | Reached skill level 1 in Armour
  5485 | D:8      | Found a blossoming altar of Fedhas.
  5949 | D:8      | Noticed a two-headed ogre
  5964 | D:8      | Killed a two-headed ogre
  6134 | D:8      | Found an ornate altar of the Wu Jian Council.
  6519 | D:9      | Noticed a cyclops
  6529 | D:9      | Killed a cyclops
  6723 | D:9      | Mangled by a warg

Illustrated notes

Levels and vault maps discovered:
D:1:      erik_arrival_cave_to_civilisation [erik_arrival_cave_to_hall],
          layout_loops_corners
D:2:      layout_basic, hellmonk_ecumenical_altar_run_dry, basic_altar,
          serial_shops, nicolae_shop_stone, serial_forest,
          infiniplex_forest_clump_tiny, infiniplex_forest_diagonal,
          infiniplex_forest_zigzag_1, infiniplex_forest_lined_room_3,
          infiniplex_forest_lined_4_way, infiniplex_forest_clump_diagonal,
          infiniplex_forest_split
D:3:      layout_rooms, lemuel_zombie_altar_kikubaaqudgha, serial_glass,
          glass_columns_a, glass_columns_c
D:4:      layout_cave_pools, portal_sewer_entry_b, grunt_ministairs_5
D:5:      layout_cave_pools, marbit_many_paths,
          minmay_temple_entry_statues_pillars
D:6:      layout_rooms, mainiacjoe_overflow_surrounded_room,
          mainiacjoe_overflow_24_doors, uniq_pikel
D:7:      layout_cave_pools, mainiacjoe_overflow_six_doors_small,
          nemelex_spade_bored_becter, serial_demonic, serial_demonic_f,
          serial_demonic_e, serial_demonic_a, serial_demonic_d
D:8:      layout_loops_corners, fedhas_altar_1, nicolae_wu_jian_glorious_leap,
          serial_park_tiny_2, minmay_misc_feat_x
D:9:      layout_irregular_city, ashenzari_conservatory_becter,
          erik_lair_orcish_takeover, uniq_erolcha
Temple:   nicolae_temple_bog_church

Skill      XL: |  1  2  3  4  5  6  7  8  9 10 |
---------------+-------------------------------+-----
Fighting       | 3 4 5 6 8 9 |  9.9
Ranged Weapons | 5 6 7 8 9 11 12 | 12.9
Stealth        | 0 |  0.0
Armour         | 3 |  3.5
Dodging        | |  1.7

Action                   |  1- 3 |  4- 6 |  7- 9 | 10-12 || total
-------------------------+-------+-------+-------+-------++-------
Melee: Shortbow          |       |     7 |       |       ||     7
       Unarmed           |       |       |       |    22 ||    22
 Fire: Shortbow          |    62 |   105 |   317 |   172 ||   656
Throw: Dart              |       |       |     2 |     4 ||     6
Invok: Sacrifice Stealth |       |       |     1 |       ||     1
       Reject Sacrifices |       |       |       |     1 ||     1
 Abil: Dig               |       |     1 |       |       ||     1
       Shaft Self        |       |     1 |       |       ||     1
  Use: Scroll            |       |     1 |     6 |     2 ||     9
       Potion            |       |     3 |     2 |     3 ||     8
Armor: Leather armour    |    13 |     5 |    53 |    42 ||   113
       Chain mail        |       |    87 |   121 |       ||   208
       Skin              |       |    30 |       |    30 ||    60
Dodge: Dodged            |    33 |    43 |   138 |    66 ||   280

Table legend: (Time is in decaauts)
 A = Elapsed time spent in this place.
 B = Non-inter-level travel time spent in this place.
 C = Inter-level travel time spent in this place.
 D = Time resting spent in this place.
 E = Time spent auto-exploring this place.
 F = Levels seen in this place.
 G = Mean time per level.
                   A        B        C        D        E       F      G
               +--------+--------+--------+--------+--------+-----+--------+
         Total |   6889 |   6594 |    295 |    821 |   4256 |  10 |  688.9 |
       Dungeon |   6709 |   6420 |    289 |    821 |   4119 |   9 |  745.4 |
        Temple |    179 |    173 |      6 |      0 |    136 |   1 |  179.0 |
               +--------+--------+--------+--------+--------+-----+--------+

Top non-repeatable levels by time:
     D:8: 1408 daAuts
     D:6: 1194 daAuts
     D:7: 1035 daAuts
     D:5: 1035 daAuts
     D:2: 815 daAuts
     D:3: 618 daAuts
     D:4: 255 daAuts
     D:9: 198 daAuts
  Temple: 179 daAuts
     D:1: 148 daAuts
